 Dungeon Crawl Stone Soup version 0.29-a0-72-g1732ff48e7 (webtiles) character file.

Game seed: 8570681459446546873

8 HallandMoats the Skirmisher (level 2, 24/24 HPs)
             Began as a Demonspawn Fighter on Feb 3, 2022.
             Got out of the dungeon alive.
             The game lasted 00:00:27 (664 turns).

HallandMoats the Skirmisher (Demonspawn Fighter)     Turns: 664, Time: 00:00:27

Health: 24/24      AC:  6    Str: 16    XL:     2   Next: 0%
Magic:  2/2        EV:  8    Int:  9    God:
Gold:   38         SH:  4    Dex: 12    Spells: 1/1 levels left

rFire   . . .      SeeInvis .   a - +0 trident
rCold   . . .      Faith    .   c - +0 buckler
rNeg    . . .      Spirit   .   b - +0 scale mail
rPois   .          Reflect  .   (no helmet)
rElec   .          Harm     .   (no cloak)
rCorr   .          Rampage  .   (no gloves)
Will    .....                   (no boots)
Stlth   ..........              (no amulet)
HPRegen 0.08/turn               (no ring)
MPRegen 0.08/turn               (no ring)

@: no status effects
A: demonic guardian 1
a: no special abilities


You escaped.
You visited 1 branch of the dungeon, and saw 1 of its levels.

You collected 38 gold pieces.

Inventory:

Hand Weapons
 a - a +0 trident (weapon)
Armour
 b - a +0 scale mail (worn)
 c - a +0 buckler (worn)
Scrolls
 e - a scroll of fear {unknown}
 f - a scroll of vulnerability {unknown}
Potions
 d - a potion of might


   Skills:
 * Level 3.1 Fighting
 * Level 2.0 Polearms
 + Level 2.7 Armour
 + Level 0.1 Dodging
 + Level 2.7 Shields
 + Level 0.4 Spellcasting
 + Level 0.0 Transmutations
 * Level 0.4 Invocations


You had one spell level left.
You didn't know any spells.
Your spell library contained the following spells:

 Spells                   Type           Power      Damage    Failure   Level
 Beastly Appendage        Tmut           0%         N/A       87%         1
 Wereblood                Tmut           0%         N/A       95%         2
 Spider Form              Tmut/Pois      0%         N/A       99%         3


Dungeon Overview and Level Annotations

Branches:
Dungeon (1/15)

Altars:


Innate Abilities, Weirdness & Mutations

A weak demonic guardian rushes to your aid.


Message History

A rat is nearby!
You barely miss the rat. The rat barely misses you.
A rat is nearby!
You closely miss the rat. The rat bites you.
A rat is nearby!
You barely miss the rat. The rat closely misses you.
A rat is nearby!
You barely miss the rat. The rat bites you but does no damage.
The rat closely misses you.
A rat is nearby!
You barely miss the rat. The rat bites you but does no damage.
A rat is nearby!
You closely miss the rat. The rat bites you but does no damage.
You hit the rat.
The rat is severely wounded.
The rat bites you.
You closely miss the rat.
The rat is severely wounded.
The rat bites you. x2
You completely miss the rat.
The rat is severely wounded.
The rat bites you but does no damage.
You hit the rat.
You kill the rat!
You have reached level 2!
Your demonic ancestry asserts itself...
You feel the presence of a demonic guardian.
Found 25 stones.
(D) Dungeon
Where to? (? - help)
What level of the Dungeon? (default 1, ? - help)
There is an open door here.
There is an open door here.
There is an open door here.
There is an open door here.
You open the door.
There is an open door here.
There is a staircase leading out of the dungeon here.
Are you sure you want to leave the Dungeon?
This will make you lose the game!
You have escaped!

.........###### #######..## ##.
...>.....# ######## #### ##
........## ####.(....####
........# ##............##
........###....####......#
........##....#######....##
#......###...##.....##....##
#......###..###.##..###....######
#.......##..###.@##..##.[..#.....
##......###..#'###...##....######
#.......##...###...###....#
##....(.###........##....##
#.......####....###.....#
##........########.....##
##.........####......##
##.................##
###.............###


There were no monsters in sight!

Vanquished Creatures
  A ball python (D:1)
  An endoplasm (D:1)
  2 kobolds (D:1)
  A quokka (D:1)
  A bat (D:1)
  A frilled lizard (D:1)
  A rat (D:1)
8 creatures vanquished.

Notes
Turn   | Place    | Note
-------+----------+-------------------------------------------
     0 | D:1      | HallandMoats the Demonspawn Fighter began the quest for the
                  | Orb.
     0 | D:1      | Reached XP level 1. HP: 18/18 MP: 1/1
   500 | D:1      | Gained mutation: A weak demonic guardian rushes to your
                  | aid. [demonic ancestry]
   500 | D:1      | Reached XP level 2. HP: 19/24 MP: 2/2
   664 | D:$      | Got out of the dungeon alive.

Illustrated notes

Levels and vault maps discovered:
D:1:      dpeg_arrival_snail, layout_loops_corners,
          amcnicky_mini_corridor_feature

Skill      XL: |  1 |
---------------+----+-----
Polearms       | 2 |  2.0
Fighting       | |  3.1
Armour         | |  2.7
Dodging        | |  0.1
Shields        | |  2.7
Spellcasting   | |  0.4
Invocations    | |  0.4

Action                   || total
-------------------------++-------
Melee: Trident           ||    26
Armor: Scale mail        ||    12
Dodge: Dodged            ||     9
Block: Buckler           ||     1

Table legend: (Time is in decaauts)
 A = Elapsed time spent in this place.
 B = Non-inter-level travel time spent in this place.
 C = Inter-level travel time spent in this place.
 D = Time resting spent in this place.
 E = Time spent auto-exploring this place.
 F = Levels seen in this place.
 G = Mean time per level.
                   A        B        C        D        E       F      G
               +--------+--------+--------+--------+--------+-----+--------+
         Total |    670 |    575 |     95 |      0 |    510 |   1 |  670.0 |
       Dungeon |    670 |    575 |     95 |      0 |    510 |   1 |  670.0 |
               +--------+--------+--------+--------+--------+-----+--------+

Top non-repeatable levels by time:
     D:1: 670 daAuts
